ORI
LOUISIANA STATE UNIVERSITY TIGERS @ COASTAL CAROLINA UNIVERSITY CHANTICLEERS
10/31/2049
 
TOP OF THE 1ST
University of Oklahoma Sooners batting - Pitching for Mississippi State University Bulldogs : RHP Leo Rivera
Pitching: RHP Leo Rivera
Batting: RHB Jesus Montoya 0-0: Called Strike
0-1: Ball
1-1: Foul Ball, location: 2F
1-2: Ground out U3 (Groundball, 3S, EV 66.2 MPH)
Batting: LHB Toby Clark 0-0: Ball
1-0: Called Strike
1-1: Foul Ball, location: 2F
1-2: Foul Ball, location: 2F
1-2: Ground out U3 (Groundball, 3, EV 87.5 MPH)
Batting: LHB Cameron Marinelli 0-0: Ball
1-0: Ball
2-0: Foul Ball, location: 2F
2-1: Ball
3-1: Foul Ball, location: 2F
3-2: Ground out 6-3 (Groundball, 6, EV 98.1 MPH)
Top of the 1st over - 0 runs, 0 hits, 0 errors, 0 left on base; University of Oklahoma 0 - Mississippi State University 0
BOTTOM OF THE 1ST
Mississippi State University Bulldogs batting - Pitching for University of Oklahoma Sooners : RHP Josh Marker
Pitching: RHP Josh Marker
Batting: RHB Freddie Kite 0-0: Foul Ball, location: 2F
0-1: Called Strike
0-2: Ball
1-2: Strikes out swinging
Batting: RHB Logan Strassburg 0-0: SINGLE (Groundball, 34D, EV 96.9 MPH)
Batting: RHB Benito Gonzales 0-0: Ball
1-0: Called Strike
1-1: Called Strike
1-2: Ball
2-2: Ball
3-2: SINGLE (Line Drive, 7S, EV 102.5 MPH)
Logan Strassburg to second
Batting: RHB Josh Stene 0-0: Called Strike
0-1: Ball
1-1: Called Strike
1-2: Ball
2-2: SINGLE (Line Drive, 9LS, EV 92.5 MPH)
Logan Strassburg to third
Benito Gonzales to second
Batting: RHB Bill Petipas 0-0: Foul Ball, location: 2F
0-1: Ball
1-1: Ball
2-1: Foul Ball, location: 2F
2-2: Foul Ball, location: 2F
2-2: Grounds out, U3 (Groundball, 3L, EV 91.2 MPH)
Logan Strassburg scores
Benito Gonzales to third
Batting: RHB Josh Simmons 0-0: Ball
1-0: SINGLE (Groundball, 34D, EV 100.0 MPH)
Benito Gonzales scores
Josh Stene to third
Runner from 3rd tries for Home, throw by RF and OUT! 9-2
Bottom of the 1st over - 2 runs, 4 hits, 0 errors, 1 left on base; University of Oklahoma 0 - Mississippi State University 2
TOP OF THE 2ND
University of Oklahoma Sooners batting - Pitching for Mississippi State University Bulldogs : RHP Leo Rivera
Batting: RHB Victor Borras 0-0: Called Strike
0-1: Called Strike
0-2: Foul Ball, location: 2F
0-2: Strikes out swinging
Batting: RHB Sugiarto Kartosuwiryo 0-0: Ball
1-0: Called Strike
1-1: Foul Ball, location: 2F
1-2: Ball
2-2: Ground out 4-3 (Groundball, 4, EV 101.9 MPH)
Batting: RHB Eric Peterson 0-0: Called Strike
0-1: Ball
1-1: Swinging Strike
1-2: Foul Ball, location: 2F
1-2: Ball
2-2: Foul Ball, location: 2F
2-2: Strikes out looking
Top of the 2nd over - 0 runs, 0 hits, 0 errors, 0 left on base; University of Oklahoma 0 - Mississippi State University 2
BOTTOM OF THE 2ND
Mississippi State University Bulldogs batting - Pitching for University of Oklahoma Sooners : RHP Josh Marker
Batting: RHB Oscar Vargas 0-0: Fly out, F2 (Popup, 25F, EV 88.1 MPH)
Batting: LHB Tom Ploughman 0-0: SINGLE (Groundball, 6D, EV 106.9 MPH)
Batting: RHB Cody Ammann 0-0: Swinging Strike
0-1: Foul Ball, location: 2F
0-2: Ball
1-2: Strikes out looking
Batting: RHB Freddie Kite 0-0: Ball
1-0: DOUBLE (Line Drive, 89D, EV 110.0 MPH)
Tom Ploughman to third
Batting: RHB Logan Strassburg 0-0: Foul Ball, location: 2F
0-1: Ball
1-1: Ball
2-1: Ball
3-1: Swinging Strike
3-2: Strikes out swinging
Bottom of the 2nd over - 0 runs, 2 hits, 0 errors, 2 left on base; University of Oklahoma 0 - Mississippi State University 2
TOP OF THE 3RD
University of Oklahoma Sooners batting - Pitching for Mississippi State University Bulldogs : RHP Leo Rivera
Batting: RHB Sam Mason 0-0: Called Strike
0-1: Ball
1-1: Foul Ball, location: 2F
1-2: Fly out, F9 (Flyball, 9S, EV 84.4 MPH)
Batting: SHB Orlando Uribe 0-0: Ball
1-0: Foul Ball, location: 2F
1-1: Ball
2-1: Swinging Strike
2-2: Ground out 6-3 (Groundball, 6M, EV 85.0 MPH)
Batting: RHB Ben Gappa 0-0: Called Strike
0-1: DOUBLE (Flyball, 8RXD, EV 95.0 MPH)
Batting: RHB Jesus Montoya 0-0: Called Strike
0-1: Foul Ball, location: 2F
0-2: Ball
1-2: Ball
2-2: Foul Ball, location: 2F
2-2: Strikes out swinging, 2-3 out at first.
Top of the 3rd over - 0 runs, 1 hit, 0 errors, 1 left on base; University of Oklahoma 0 - Mississippi State University 2
BOTTOM OF THE 3RD
Mississippi State University Bulldogs batting - Pitching for University of Oklahoma Sooners : RHP Josh Marker
Batting: RHB Benito Gonzales 0-0: Called Strike
0-1: Foul Ball, location: 2F
0-2: Foul Ball, location: 2F
0-2: Ball
1-2: Fly out, F3 (Flyball, 3D, EV 91.9 MPH)
Batting: RHB Josh Stene 0-0: Ball
1-0: Fly out, F4 (Popup, 34, EV 75.6 MPH)
Batting: RHB Bill Petipas 0-0: Ball
1-0: Swinging Strike
1-1: SINGLE (Line Drive, 89S, EV 86.2 MPH)
Batting: RHB Josh Simmons 0-0: Ball
1-0: Ground out 4-3 (Groundball, 4, EV 86.9 MPH)
Bottom of the 3rd over - 0 runs, 1 hit, 0 errors, 1 left on base; University of Oklahoma 0 - Mississippi State University 2
TOP OF THE 4TH
University of Oklahoma Sooners batting - Pitching for Mississippi State University Bulldogs : RHP Leo Rivera
Batting: LHB Toby Clark 0-0: Fly out, F8 (Flyball, 8RXD, EV 93.8 MPH)
Batting: LHB Cameron Marinelli 0-0: Called Strike
0-1: Ball
1-1: Foul Ball, location: 2F
1-2: Ball
2-2: Fly out, F4 (Line Drive, 4M, EV 70.6 MPH)
Batting: RHB Victor Borras 0-0: Ball
1-0: Swinging Strike
1-1: Called Strike
1-2: Strikes out swinging
Top of the 4th over - 0 runs, 0 hits, 0 errors, 0 left on base; University of Oklahoma 0 - Mississippi State University 2
BOTTOM OF THE 4TH
Mississippi State University Bulldogs batting - Pitching for University of Oklahoma Sooners : RHP Josh Marker
Batting: RHB Oscar Vargas 0-0: Ball
1-0: SINGLE (Line Drive, 56, EV 105.6 MPH)
Batting: LHB Tom Ploughman 0-0: Ball
1-0: Called Strike
1-1: Ball
2-1: Ball
3-1: Foul Ball, location: 2F
3-2: Foul Ball, location: 2F
3-2: SINGLE (Line Drive, 89S, EV 94.4 MPH)
Oscar Vargas to second
Batting: RHB Cody Ammann 0-0: Fielders Choice at 2nd, 1-4 (Groundball, P, EV 66.9 MPH)
Oscar Vargas to third
Batting: RHB Freddie Kite 0-0: Ball
1-0: Called Strike
1-1: Ball
2-1: Ball
3-1: Fielders Choice at 2nd, 5-4 (Groundball, 5L, EV 92.5 MPH)
Oscar Vargas scores
Batting: RHB Logan Strassburg 0-0: Ball
1-0: Swinging Strike
1-1: Ball
2-1: Foul Ball, location: 2F
2-2: Strikes out looking
Bottom of the 4th over - 1 run, 2 hits, 0 errors, 1 left on base; University of Oklahoma 0 - Mississippi State University 3
TOP OF THE 5TH
University of Oklahoma Sooners batting - Pitching for Mississippi State University Bulldogs : RHP Leo Rivera
Pitching: RHP Rich Martinez
Batting: RHB Sugiarto Kartosuwiryo 0-0: Ball
1-0: Foul Ball, location: 2F
1-1: Foul Ball, location: 2F
1-2: Ball
2-2: Strikes out swinging
Batting: RHB Eric Peterson 0-0: Called Strike
0-1: Ball
1-1: Foul Ball, location: 2F
1-2: Hit by Pitch
Batting: RHB Sam Mason 0-0: Ball
Wild Pitch!
Eric Peterson to second
1-0: Ball
2-0: Ball
3-0: Base on Balls
Batting: SHB Orlando Uribe 0-0: Called Strike
0-1: Fielders Choice at 2nd, 3-6 (Groundball, 34, EV 105.0 MPH)
Eric Peterson to third
Batting: RHB Ben Gappa 0-0: Foul Ball, location: 2F
0-1: Foul Ball, location: 2F
0-2: Strikes out swinging
Top of the 5th over - 0 runs, 0 hits, 0 errors, 2 left on base; University of Oklahoma 0 - Mississippi State University 3
BOTTOM OF THE 5TH
Mississippi State University Bulldogs batting - Pitching for University of Oklahoma Sooners : RHP Josh Marker
Batting: RHB Benito Gonzales 0-0: Ball
1-0: Called Strike
1-1: Foul Ball, location: 2F
1-2: Ball
2-2: Strikes out swinging
Pitching: RHP Matthew Sax
Batting: RHB Josh Stene 0-0: Ball
1-0: SINGLE (Groundball, 6MD, EV 98.1 MPH)
Batting: RHB Bill Petipas 0-0: Called Strike
0-1: Ground out 4-3 (Groundball, 4S, EV 66.2 MPH)
Josh Stene to second
Batting: RHB Josh Simmons 0-0: Foul Ball, location: 2F
0-1: Foul Ball, location: 2F
0-2: SINGLE (Groundball, 34D, EV 96.2 MPH)
Josh Stene to third
Runner from 3rd tries for Home, SAFE, throw by RF to home
Batting: RHB Oscar Vargas 0-0: Called Strike
0-1: Ball
1-1: Ball
2-1: Ball
3-1: Base on Balls
Josh Simmons to second
Batting: LHB Tom Ploughman 0-0: SINGLE (Line Drive, 89S, EV 99.4 MPH)
Josh Simmons to third
Oscar Vargas to second
Batting: RHB Cody Ammann 0-0: Ball
1-0: Ball
2-0: Ground out 5-3 (Groundball, 5S, EV 86.2 MPH)
Bottom of the 5th over - 1 run, 3 hits, 0 errors, 3 left on base; University of Oklahoma 0 - Mississippi State University 4
TOP OF THE 6TH
University of Oklahoma Sooners batting - Pitching for Mississippi State University Bulldogs : RHP Rich Martinez
Batting: RHB Jesus Montoya 0-0: SINGLE (Line Drive, 78S, EV 102.5 MPH)
Batting: LHB Toby Clark 0-0: Ball
1-0: Called Strike
1-1: Fielders Choice at 2nd, 6-4 (Groundball, 6, EV 88.1 MPH)
Batting: LHB Cameron Marinelli 0-0: Fielders Choice at 2nd, 4-6 (Groundball, 4, EV 86.9 MPH)
Batting: RHB Victor Borras 0-0: Ball
1-0: Called Strike
1-1: Ball
2-1: Swinging Strike
2-2: Ball
3-2: Foul Ball, location: 2F
3-2: Ground out 1-3 (Groundball, 15S, EV 75.6 MPH)
Top of the 6th over - 0 runs, 1 hit, 0 errors, 1 left on base; University of Oklahoma 0 - Mississippi State University 4
BOTTOM OF THE 6TH
Mississippi State University Bulldogs batting - Pitching for University of Oklahoma Sooners : RHP Matthew Sax
Batting: RHB Freddie Kite 0-0: Foul Ball, location: 2F
0-1: Ball
1-1: Foul Ball, location: 2F
1-2: Ground out 6-3 (Groundball, 6, EV 84.4 MPH)
Batting: RHB Logan Strassburg 0-0: Ball
1-0: Foul Ball, location: 2F
1-1: Foul Ball, location: 2F
1-2: Hit by Pitch
Batting: RHB Benito Gonzales 0-0: Ball
Logan Strassburg steals 2nd base
1-0: Ball
2-0: Foul Ball, location: 2F
2-1: Foul Ball, location: 2F
2-2: Ground out 5-3 (Groundball, 56S, EV 71.2 MPH)
Logan Strassburg to third
Batting: RHB Josh Stene 0-0: Ball
1-0: Ball
2-0: Called Strike
2-1: Ball
3-1: Foul Ball, location: 2F
3-2: Fly out, F7 (Flyball, 7S, EV 93.8 MPH)
Bottom of the 6th over - 0 runs, 0 hits, 0 errors, 1 left on base; University of Oklahoma 0 - Mississippi State University 4
TOP OF THE 7TH
University of Oklahoma Sooners batting - Pitching for Mississippi State University Bulldogs : RHP Rich Martinez
Pitching: LHP Tony Herrera
Batting: RHB Sugiarto Kartosuwiryo 0-0: Swinging Strike
0-1: Ball
1-1: Called Strike
1-2: Foul Ball, location: 2F
1-2: Strikes out swinging, 2-3 out at first.
Batting: RHB Eric Peterson 0-0: Ball
1-0: Ball
2-0: Foul Ball, location: 2F
2-1: Ball
3-1: DOUBLE (Line Drive, 78D, EV 115.0 MPH)
Batting: RHB Sam Mason 0-0: Ball
1-0: Ball
2-0: Ball
3-0: Fly out, F8 (Flyball, 8RXD, EV 95.6 MPH)
Runner from 2nd tags up, SAFE at 3rd, no throw by CF
Batting: SHB Orlando Uribe 0-0: Swinging Strike
0-1: Ball
1-1: Ball
2-1: Ball
3-1: Called Strike
3-2: Strikes out swinging
Top of the 7th over - 0 runs, 1 hit, 0 errors, 1 left on base; University of Oklahoma 0 - Mississippi State University 4
BOTTOM OF THE 7TH
Mississippi State University Bulldogs batting - Pitching for University of Oklahoma Sooners : RHP Matthew Sax
Pitching: RHP Andy Cane
Batting: RHB Bill Petipas 0-0: Ball
1-0: Ball
2-0: Ball
3-0: Base on Balls
Batting: RHB Josh Simmons 0-0: Grounds into double play, 4-6-3 (Groundball, 4, EV 92.5 MPH)
Batting: RHB Oscar Vargas 0-0: Foul Ball, location: 2F
0-1: Ground out 4-3 (Groundball, 4D, EV 98.1 MPH)
Bottom of the 7th over - 0 runs, 0 hits, 0 errors, 0 left on base; University of Oklahoma 0 - Mississippi State University 4
TOP OF THE 8TH
University of Oklahoma Sooners batting - Pitching for Mississippi State University Bulldogs : LHP Tony Herrera
Pitching: RHP Erik Bradshaw
Batting: RHB Ben Gappa 0-0: Ball
1-0: Ball
2-0: Called Strike
2-1: Swinging Strike
2-2: SINGLE (Line Drive, 56D, EV 98.8 MPH)
Batting: RHB Jesus Montoya 0-0: Grounds into double play, 5-4-3 (Groundball, 56, EV 83.8 MPH)
Batting: LHB Toby Clark 0-0: Called Strike
0-1: Foul Ball, location: 2F
0-2: Foul Ball, location: 2F
0-2: Foul Ball, location: 2F
0-2: Ball
1-2: Strikes out swinging
Top of the 8th over - 0 runs, 1 hit, 0 errors, 0 left on base; University of Oklahoma 0 - Mississippi State University 4
BOTTOM OF THE 8TH
Mississippi State University Bulldogs batting - Pitching for University of Oklahoma Sooners : RHP Andy Cane
Batting: LHB Tom Ploughman 0-0: Ball
1-0: Fly out, F7 (Line Drive, 7, EV 110.0 MPH)
Batting: RHB Cody Ammann 0-0: Foul Ball, location: 2F
0-1: Swinging Strike
0-2: Ball
1-2: Strikes out swinging
Batting: RHB Freddie Kite 0-0: SINGLE (Groundball, 56D, EV 98.1 MPH)
Batting: RHB Logan Strassburg 0-0: Ball
Freddie Kite steals 2nd base
1-0: Ball
2-0: Ball
3-0: Called Strike
3-1: Base on Balls
Batting: RHB Benito Gonzales 0-0: Ball
1-0: Ball
Freddie Kite is caught stealing 3rd base 2-5
Bottom of the 8th over - 0 runs, 1 hit, 0 errors, 1 left on base; University of Oklahoma 0 - Mississippi State University 4
TOP OF THE 9TH
University of Oklahoma Sooners batting - Pitching for Mississippi State University Bulldogs : RHP Erik Bradshaw
Batting: LHB Cameron Marinelli 0-0: Called Strike
0-1: Ball
1-1: Called Strike
1-2: Foul Ball, location: 2F
1-2: Fly out, F9 (Flyball, 89S, EV 94.4 MPH)
Batting: RHB Victor Borras 0-0: Ball
1-0: SINGLE (Groundball, 6MD, EV 110.0 MPH)
Batting: RHB Sugiarto Kartosuwiryo 0-0: Swinging Strike
0-1: Ball
1-1: Foul Ball, location: 2F
1-2: SINGLE (Groundball, 34, EV 99.4 MPH)
Victor Borras to second
Batting: RHB Eric Peterson 0-0: Ball
1-0: SINGLE (Groundball, 56, EV 109.4 MPH)
Victor Borras to third
Sugiarto Kartosuwiryo to second
Pinch Hitting: LHB Alex Benabides 0-0: Fielders Choice at 2nd, 6-4 (Groundball, 6M, EV 107.5 MPH)
Victor Borras scores
Sugiarto Kartosuwiryo to third
Pitching: RHP Randy Richardson
Batting: SHB Orlando Uribe 0-0: Ball
1-0: SINGLE (Line Drive, 4D, EV 95.6 MPH)
Sugiarto Kartosuwiryo scores
Alex Benabides to second
Pinch Hitting: LHB Jon Terrones 0-0: Called Strike
0-1: Ball
1-1: Foul Ball, location: 2F
1-2: Ball
2-2: Ball
3-2: Ground out 1-3 (Groundball, 13S, EV 63.8 MPH)
Top of the 9th over - 2 runs, 4 hits, 0 errors, 2 left on base; University of Oklahoma 2 - Mississippi State University 4
Sunday, July 16th , 2023 - OOTP Baseball 24.6 Build 69